 Dungeon Crawl Stone Soup version 0.25-a0-578-gc91f01c (webtiles) character file.

Game seed: 16952422472035619443, levelgen mode: deterministic

4 DrEnzyme the Changer (level 1, -2/18 HPs)
             Began as an Ogre Wanderer on Mar 5, 2020.
             Slain by a hobgoblin
             ... wielding a +0 club
              (4 damage)
             ... on level 1 of the Dungeon.
             The game lasted 00:01:59 (524 turns).

DrEnzyme the Changer (Ogre Wanderer)                 Turns: 524, Time: 00:02:00

Health: -2/18      AC:  3    Str: 17    XL:     1   Next: 70%
Magic:  3/3        EV:  9    Int: 14    God:
Gold:   17         SH:  0    Dex:  5    Spells: 1/3 levels left

rFire    . . .     SeeInvis .   a - +0 club
rCold    . . .     Gourm    .   (no shield)
rNeg     . . .     Faith    .   c - +0 robe
rPois    .         Spirit   .   (helmet restricted)
rElec    .         Reflect  .   (no cloak)
rCorr    .         Harm     .   (gloves unavailable)
MR       .....                  (boots unavailable)
Stlth    +.........             (no amulet)
HPRegen  0.06/turn              (no ring)
MPRegen  0.08/turn              (no ring)

@: mighty
A: large, unfitting armour, tough skin 1
a: no special abilities


You were on level 1 of the Dungeon.
You were not hungry.

You visited 1 branch of the dungeon, and saw 1 of its levels.

You collected 17 gold pieces.

Inventory:

Hand Weapons
 a - a +0 club (weapon)
Armour
 c - a +0 robe (worn)
Scrolls
 e - a scroll of enchant armour {unknown}
Potions
 b - a potion of brilliance {unknown}
Comestibles
 f - 2 rations
 g - a chunk of flesh


   Skills:
 * Level 0.6 Fighting
 + Level 1.2 Throwing
 + Level 1.5 Spellcasting
   Level 2.6 Hexes
   Level 2.6 Transmutations
 + Level 1.0 Air Magic
   Level 1.0 Evocations


You had one spell level left.
You knew the following spells:

 Your Spells              Type           Power        Failure   Level  Hunger
a - Magic Dart            Conj           #...         26%         1    ##.....
b - Shock                 Conj/Air       #...         21%         1    ##.....

Your spell library contained the following spells:

 Spells                   Type           Power        Failure   Level  Hunger
 Slow                     Hex            #.......     13%         2    ###....
 Blink                    Tloc           N/A          36%         2    ###....
 Call Imp                 Summ           #.......     36%         2    ###....
 Dazzling Flash           Conj/Hex       #.....       41%         3    ####...
 Mephitic Cloud           Conj/Pois/Air  #.......     54%         3    ####...
 Conjure Flame            Conj/Fire      #.......     58%         3    ####...


Dungeon Overview and Level Annotations

Branches:
Dungeon (1/15)

Altars:


Innate Abilities, Weirdness & Mutations

You are too large for most types of armour.
You have tough skin. (AC +1)


Message History

The hobgoblin barely misses you.
You closely miss the hobgoblin. The bat closely misses you.
The hobgoblin hits you with a +0 club.
* * * LOW HITPOINT WARNING * * *
The hobgoblin hits you with a +0 club.
* * * LOW HITPOINT WARNING * * *
The bat hits you but does no damage. The bat barely misses you.
The bat hits you but does no damage. The bat closely misses you.
The bat hits you but does no damage. The bat hits you but does no damage.
The bat hits you but does no damage. The bat hits you but does no damage.
It was a potion of might.
You feel very mighty all of a sudden. The bat closely misses you.
The bat misses you.
You miss the bat. The bat closely misses you.
You barely miss the hobgoblin. The bat hits you but does no damage.
The hobgoblin hits you with a +0 club.
You die...

#.....#.).....# ##'##
#.....##.#.# #####..##
.##.....##(#.# #.......#
.............#########.#
##...#.##(####...####.#
###....((# #.....#....
##...### #..<..'.⌠.#
#bg.# #.....#...# #.@.#
##...###### #...#
#####.#### #...#
#........
#####...#######.###..#.
................# ##'##
................###...#
......[.........##.....
#####...#####....#.....
#...# #....#.....


You could see a hobgoblin and a bat.

Vanquished Creatures
  A goblin (D:1)
  A hobgoblin (D:1)
  A kobold (D:1)
  A rat (D:1)
4 creatures vanquished.

Notes
Turn   | Place    | Note
-------+----------+-------------------------------------------
     0 | D:1      | DrEnzyme the Ogre Wanderer began the quest for the Orb.
     0 | D:1      | DrEnzyme set off with the following items: a +0 club, a +0
                  | robe, a ration; and the following spells available to
                  | memorise: Slow, Shock, Magic Dart, Blink, Call Imp,
                  | Dazzling Flash, Mephitic Cloud, Conjure Flame
     0 | D:1      | Reached XP level 1. HP: 16/16 MP: 2/2
     2 | D:1      | Learned a level 1 spell: Magic Dart
     4 | D:1      | Learned a level 1 spell: Shock
   524 | D:1      | Slain by a hobgoblin

Levels and vault maps discovered:
D:1:      noname_arrival_rooms_in_the_neighbourhood, layout_loops_cross

Action                   || total
-------------------------++-------
Melee: Club              ||    24
  Use: Potion            ||     1
Armor: Robe              ||    13
Dodge: Dodged            ||    24

Table legend:
 A = Non-vault XP
 B = Vault XP
 C = Vault XP percentage of total XP
 D = Non-vault monster count
 E = Vault monster count
 F = Vault count percentage of total count
                 A         B        C        D         E       F
            +---------+---------+-------+---------+---------+-------
      Total |       7 |       0 |   0.0 |       4 |       0 |   0.0
            +---------+---------+-------+---------+---------+-------
        D:1 |       7 |       0 |   0.0 |       4 |       0 |   0.0
            +---------+---------+-------+---------+---------+-------
